 Dungeon Crawl Stone Soup version 0.20-a0-1074-g6a0a8e1 (webtiles) character file.

957396 Leszczynek the Hoplite (level 27, -6/241 HPs)
             Began as a Mummy Wanderer on Apr 28, 2017.
             Was an Initiate of Gozag.
             Killed from afar by a Hell Sentinel (32 damage)
             ... with damnation
             ... in Pandemonium on Apr 29, 2017.
             The game lasted 07:04:22 (94963 turns).

Leszczynek the Hoplite (Mummy Wanderer)            Turns: 94963, Time: 07:04:23

Health: -6/241     AC: 35    Str: 21 (23) XL:     27
Magic:  47/52      EV: 28    Int: 17 (18) God:    Gozag
Gold:   20728      SH: 27    Dex: 18 (23) Spells: 4/58 levels left

rFire    + + .     SeeInvis +   a - +9 eveningstar (freeze)
rCold    + + .     Gourm    .   G - +2 large shield {AC+3}
rNeg     + + +     Faith    .   r - +5 ring mail of Inquiry {rN+++ MR+ Regen+ Dex-4}
rPois    ∞         Spirit   .   x - +2 helmet {SInv}
rElec    +         Reflect  .   U - +4 cloak of Brilliance {rF+ rCorr Str+3 Int+3}
rCorr    +         Harm     .   L - +1 pair of gloves of the Salmon {rF+ rN+}
MR       +++++                  s - +2 pair of boots
Stlth    ++++......             P - amulet of Vitality {Regen+ HP+15}
Regen    1.3/turn               b - ring "Lawkun" {rF+ MR+ MP+9 Dex+6}
MPRegen  0.4/turn               z - ring "Calagh" {rElec rC+ rN+ AC+5}

@: agile, aura of abjuration, very slightly contaminated, hasted, very quick
A: no food or potions, fire vulnerability, cold resistance 1, negative energy
resistance 3, torment resistance, unbreathing, in touch with death 2
}: 7/15 runes: decaying, serpentine, slimy, silver, golden, icy, abyssal
a: Potion Petition, Call Merchant, Bribe Branch, Renounce Religion


You were in Pandemonium.
You worshipped Gozag.
Gozag was extremely pleased with you.
You were not hungry.

You visited 15 branches of the dungeon, and saw 74 of its levels.
You visited Pandemonium 1 time, and saw 2 of its levels.
You visited the Abyss 2 times.
You also visited: Wizlab.

You collected 45965 gold pieces.
You spent 7756 gold pieces at shops.
You paid 17481 gold pieces to Gozag.

Inventory:

Hand Weapons
 a - a +9 eveningstar of freezing (weapon)
Missiles
 F - 9 throwing nets
 M - 33 tomahawks (quivered)
Armour
 r - the +5 ring mail of Inquiry (worn) {rN+++ MR+ Regen+ Dex-4}
   (You found it on level 6 of the Dungeon)

   It affects your dexterity (-4).
   It renders you almost immune to negative energy.
   It affects your resistance to hostile enchantments.
   It increases your rate of regeneration.
 s - a +2 pair of boots (worn)
 x - a +2 helmet of see invisible (worn)
 G - a +2 large shield of protection (worn)
 L - the +1 pair of gloves of the Salmon (worn) {rF+ rN+}
   (You found it on level 6 of the Lair of Beasts)

   It protects you from fire.
   It protects you from negative energy.
 U - the +4 cloak of Brilliance (worn) {rF+ rCorr Str+3 Int+3}
   (You found it in a wizard's laboratory)

   It affects your strength (+3).
   It affects your intelligence (+3).
   It protects you from fire.
   It protects you from acid and corrosion.
Jewellery
 b - the ring "Lawkun" (left hand) {rF+ MR+ MP+9 Dex+6}
   (You bought it in a shop on level 2 of the Orcish Mines)

   [ring of magical power]

   It affects your dexterity (+6).
   It protects you from fire.
   It affects your resistance to hostile enchantments.
   It affects your magic capacity (+9).
 p - the ring "Lykk" {rElec rPois rF+ MR- Slay+5}
   (You took it off a deep elf death mage on level 3 of the Elven Halls)

   [ring of protection from fire]

   It affects your accuracy and damage with ranged weapons and melee attacks
   (+5).
   It protects you from fire.
   It insulates you from electricity.
   It protects you from poison.
   It affects your resistance to hostile enchantments.
 u - the ring of Minguheo {rElec rC+ AC+3}
   (You took it off a mummy priest on level 1 of the Tomb of the Ancients)

   [ring of protection]

   It affects your AC (+3).
   It protects you from cold.
   It insulates you from electricity.
 z - the ring "Calagh" (right hand) {rElec rC+ rN+ AC+5}
   (You took it off a deep elf blademaster on level 3 of the Elven Halls)

   [ring of protection]

   It affects your AC (+5).
   It protects you from cold.
   It insulates you from electricity.
   It protects you from negative energy.
 J - the ring "Bazxodgh" {+Blink MR+ AC+2 SInv}
   (You found it on level 2 of the Lair of Beasts)

   [ring of protection]

   It affects your AC (+2).
   It affects your resistance to hostile enchantments.
   It lets you see invisible.
   It lets you blink.
 O - the ring "Unud" {Fire rElec Int+4 SInv}
   (You bought it in a shop on level 2 of the Orcish Mines)

   [ring of fire]

   It enhances your fire magic.
   It affects your intelligence (+4).
   It protects you from fire.
   It makes you vulnerable to cold.
   It insulates you from electricity.
   It lets you see invisible.
 P - the amulet of Vitality (around neck) {Regen+ HP+15}
   (You bought it in a shop on level 2 of the Orcish Mines)

   [amulet of regeneration]

   It affects your health (+15).
   It increases your rate of regeneration.
 R - the ring of Qovauxt {+Fly Int+4}
   (You found it on level 3 of the Crypt)

   [ring of flight]

   It affects your intelligence (+4).
   It lets you fly.
Wands
 c - a wand of paralysis (4/24)
 d - a wand of enslavement (11/24)
 h - a wand of iceblast (5/15)
 m - a wand of clouds (5/9)
 o - a wand of confusion (27/48)
 w - a wand of digging (23/24)
 y - a wand of acid (3/15)
 A - a wand of scattershot (2/9)
 C - a wand of disintegration (12/24)
 I - a wand of paralysis (10/24)
 Q - a wand of disintegration (9/24)
 X - a wand of acid (8/15)
 Z - a wand of iceblast (4/15)
Scrolls
 e - 6 scrolls of blinking
 f - 19 scrolls of identify {@r1}
 i - 7 scrolls of fear
 j - 5 scrolls of magic mapping
 k - 3 scrolls of summoning
 n - 12 scrolls of fog
 q - 24 scrolls of remove curse {@r2}
 B - 5 scrolls of recharging
 D - 2 scrolls of silence {!r}
 E - 8 scrolls of teleportation
 K - 7 scrolls of enchant armour
 W - a scroll of torment {!r}
Miscellaneous
 g - 8 boxes of beasts
 l - a figurine of a ziggurat
 t - a lamp of fire
 v - the horn of Geryon
 H - a lightning rod (4/4)
 N - a phial of floods
 S - 2 phantom mirrors
 T - 6 sacks of spiders
 Y - a fan of gales


   Skills:
 * Level 20.7 Fighting
   Level 1.5(10.9) Axes
 - Level 16.0 Maces & Flails
 - Level 10.0 Armour
 + Level 16.1 Dodging
 - Level 8.3 Stealth
 - Level 25.0 Shields
 - Level 16.0 Spellcasting
   Level 1.5 Conjurations
 - Level 10.0 Hexes
 - Level 4.0 Charms
 - Level 10.0 Summonings
 - Level 12.0 Necromancy
 - Level 22.0 Translocations
 - Level 3.7 Transmutations
 - Level 3.6 Earth Magic
 + Level 11.5 Evocations


You had 4 spell levels left.
You knew the following spells:

 Your Spells              Type           Power        Failure   Level  Hunger
a - Passage of Golubria   Tloc           N/A          0%          4    N/A
b - Summon Butterflies    Summ           #####...     1%          1    N/A
c - Spectral Weapon       Hex/Chrm       #####...     1%          3    N/A
d - Song of Slaying       Chrm           ####....     1%          2    N/A
e - Dispel Undead         Necr           #######.     1%          5    N/A
f - Aura of Abjuration    Summ           #####.....   3%          5    N/A
g - Control Undead        Necr           #######...   1%          4    N/A
h - Animate Skeleton      Necr           N/A          1%          1    N/A
i - Lesser Beckoning      Tloc           ######....   0%          3    N/A
j - Passwall              Tmut/Erth      ####......   2%          2    N/A
k - Controlled Blink      Tloc           N/A          6%          8    N/A
l - Disjunction           Tloc           ######....   6%          8    N/A
w - Summon Mana Viper     Hex/Summ       #####...     3%          5    N/A
A - Apportation           Tloc           ######       0%          1    N/A
B - Blink                 Tloc           N/A          0%          2    N/A

Dungeon Overview and Level Annotations

Branches:
Dungeon (15/15)            Temple (0/1) D:7            Lair (6/6) D:10
  Swamp (4/4) Lair:3        Snake (4/4) Lair:4        Slime (5/5) Lair:6
    Orc (2/2) D:12            Elf (3/3) Orc:2        Vaults (5/5) D:14
  Crypt (3/3) Vaults:3       Tomb (3/3) Crypt:3      Depths (5/5) D:15
   Hell (1/1)                 Dis (0/7) Hell            Geh (0/7) Hell
    Coc (7/7) Hell            Tar (6/7) Hell            Zot (5/5) Depths:5

Altars:
Ashenzari
Cheibriados
Dithmenos
Fedhas
Gozag
Hepliaklqana
Kikubaaqudgha
Nemelex Xobeh
Okawaru
Qazlal
Vehumet
Xom
Yredelemnul
Beogh
Jiyva

Shops:
D:9 (   Orc:2 [=:=   Elf:1 %   Elf:3 [   Lair:3 [   Snake:2 :(:   Vaults:2 *
Vaults:3 !   Vaults:4 [   Depths:1 (   Depths:3 =}}

Portals:
Hell: Depths:1 Depths:2 Depths:3 Depths:4 Depths:5
Abyss: Depths:3 Depths:4
Pandemonium: Depths:1 Depths:3
Ziggurat: Depths:2

Annotations:
D:3 orc with a morningstar here, orc w p, exclusions: 2 orcs and orc priest, Grinder; nht's ghost, amateur KoAs
D:4 orc p
D:8 2h ogre, Gastronok
D:11 5h
D:12 iron dragon, some higher HD vault
D:15 exclusion: Roxanne, Roxanne
Lair:1 exclusion: 3 oklob plants
Orc:1 Rupert; Saint Roka
Elf:2 3 runed doors
Depths:1 hellephant
Coc:7 exclusion: ice statue, Antaeus
Zot:1 orb


Innate Abilities, Weirdness & Mutations

You do not eat or drink.
Your flesh is vulnerable to fire.
You are immune to poison.
Your flesh is cold resistant. (rC+)
You are immune to negative energy. (rN+++)
You are immune to unholy pain and torment.
You can survive without breathing.
You are strongly in touch with the powers of death.


Message History

You feel agile all of a sudden.
The sun demon disappears in a puff of smoke!
The Tzitzimitl shudders. x2; The Executioner shudders.
The Tzitzimitl gestures at you.
You convulse!
* * * LOW HITPOINT WARNING * * *
You block the Hell Sentinel's attack. x2
You block the gelid corrupter's attack.
The shadow demon gestures.
Unknown command.
Blink to where?
Press: ? - help, Dir - move target cursor You are very lightly contaminated with residual magic.
As you read the scroll of blinking, it crumbles to dust.
The Tzitzimitl shudders.
The Tzitzimitl dissolves into shadows!
The Executioner dissolves into shadows!
The Hell Sentinel gestures at you.
The sphere of damnation explodes!
The damnation engulfs you!
You die...
Your body crumbles into a pile of gold.

#26# #§2#
#1.# #.1#
#..# #..#
#..# #..#
#.@# #..#
+..# #..#
#.........
#.....1...
##+#######


You could see a Hell Sentinel, a Tzitzimitl and a shadow demon.

Vanquished Creatures
  the Royal Jelly (Slime:5)
  Khufu (Tomb:2)
  8 orbs of fire
  Mara (Crypt:1)
  6 ancient liches
  2 juggernauts
  Sojobo (Depths:4)
  Frederick (Crypt:1)
  30 greater mummies
  Boris (Crypt:3)
  Margery (Vaults:3)
  2 shard shrikes
  3 Killer Klowns (Zot:5)
  15 golden dragons
  Nikola (Swamp:1)
  Geryon (Hell)
  3 curse toes (Zot:2)
  the Enchantress (Depths:4)
  Jory (Crypt:2)
  A profane servitor (Crypt:3)
  10 bone dragons
  6 Tzitzimimeh
  3 electric golems
  2 Brimstone Fiends (Pan)
  6 doom hounds
  9 liches
  Jorgrun (Snake:2)
  6 Ice Fiends
  A hellephant (Depths:1)
  22 tentacled monstrosities
  A deep elf master archer (Elf:3)
  25 Orb Guardians (Zot:5)
  3 quicksilver dragons
  3 deep elf blademasters (Elf:3)
  10 titans
  Murray (Depths:1)
  16 acid blobs
  17 death cobs
  13 ancient champions
  15 sphinxes
  An eldritch tentacle (WizLab)
  19 shadow dragons
  3 tentacled starspawn (Abyss:3)
  The ghost of pedritolo the Brawler, an adept TrGl of Okawaru (Depths:1)
  The ghost of zhorgal the Brawler, an adept TrMo of Okawaru (Snake:2)
  3 thorn hunters
  7 draconian monks
  15 storm dragons
  6 revenants
  11 tengu reavers
  7 nagarajas (Snake:4)
  19 vault wardens
  7 azure jellies
  A ghost moth (Zot:3)
  2 iron dragons
  10 deep elf sorcerers
  23 fire giants
  21 frost giants
  A caustic shrike zombie (Depths:3)
  A balrug (Hell)
  4 draconian scorchers
  3 draconian knights
  5 draconian shifters
  2 deep elf elementalists (Elf:3)
  6 ghouls
  An angel (Abyss:3)
  5 draconian annihilators
  10 spriggan defenders
  26 stone giants
  2 curse skulls
  5 war gargoyles
  16 ironheart preservers
  25 very ugly things
  10 reapers
  2 ophanim (Abyss:3)
  6 entropy weavers
  9 black draconians
  11 vampire knights
  7 draconian stormcallers
  9 green draconians
  8 red draconians
  The ghost of sveltemanboy the Bludgeoner, a journeyman DsMo of Okawaru (Orc:2)
  2 bennus
  11 white draconians
  10 deep elf demonologists
  Azrael (Elf:1)
  5 yellow draconians
  6 purple draconians
  2 eidola (Crypt:2)
  2 spark wasps (Depths:2)
  8 deep elf annihilators
  10 deep elf death magi
  A crystal guardian (Vaults:4)
  8 blizzard demons
  A quicksilver dragon zombie (Coc:2)
  23 ettins
  17 fire dragons
  24 mummy priests
  4 death oozes
  A green death (Depths:1)
  11 deep elf high priests
  23 jiangshi
  19 great orbs of eyes
  32 hydras
  23 ice dragons
  Fannar (Lair:1)
  2 quicksilver dragon skeletons
  37 vault guards
  15 yaktaur captains
  A spectral shadow dragon (Crypt:3)
  9 rakshasas
  16 naga warriors
  A hell beast (Depths:3)
  6 spriggan air magi
  Erica (D:11)
  6 ghost crabs
  The ghost of pedritolo the Grappler, a novice TrFi of Okawaru (D:10)
  42 two-headed ogres
  10 centaur warriors
  A catoblepas (Lair:6)
  12 anacondas
  A satyr (shapeshifter) (Depths:2)
  11 ogre magi
  12 death knights
  9 death yaks
  A queen ant (Lair:5)
  An anaconda (shapeshifter) (Depths:4)
  9 deep troll earth magi
  5 alligators
  10 deep troll shamans
  A queen ant (shapeshifter) (Depths:3)
  10 vampire magi
  7 tengu warriors
  A spectral storm dragon (Crypt:3)
  23 death scarabs
  10 shock serpents
  6 naga sharpshooters
  A titan zombie (Tar:3)
  9 hell hogs
  12 spriggan berserkers
  A titan skeleton (Coc:6)
  18 deep elf knights
  10 soul eaters
  3 wretched stars (Abyss:3)
  A storm dragon zombie (Tar:3)
  2 thrashing horrors (Abyss:3)
  7 sun demons
  3 golden dragon zombies
  25 hell knights
  8 shadow wraiths
  4 anaconda zombies
  2 iron trolls (Depths:4)
  2 sixfirhies
  A gelid demonspawn (Depths:3)
  11 flayed ghosts
  8 glowing orange brains
  2 salamander mystics
  2 cherubim (Abyss:3)
  7 unseen horrors
  A glowing orange brain (shapeshifter) (Depths:4)
  81 skeletal warriors
  7 sea snakes (Snake:4)
  4 spriggan druids
  27 deep trolls
  3 spatial maelstroms (Abyss:3)
  4 shadow demons
  4 shadow dragon zombies
  13 phantasmal warriors
  7 naga ritualists
  An orange crystal statue (Depths:1)
  25 ironbrand convokers
  6 wizards
  2 obsidian statues
  A tengu zombie (Vaults:4)
  23 deep elf archers
  5 harpies
  2 sphinx zombies
  7 swamp dragons
  4 shambling mangroves
  A wolf spider zombie (D:15)
  13 orc knights
  60 deep elf magi
  A harpy (shapeshifter) (Vaults:5)
  7 mana vipers
  14 necromancers
  3 lindwurms (Swamp:4)
  An orb spider (shapeshifter) (Abyss:3)
  3 anaconda skeletons
  3 wolf spiders
  2 iron dragon zombies
  9 cyclopes
  7 oklob plants
  3 orc sorcerers
  A cyclops (shapeshifter) (Depths:2)
  2 human zombies
  The ghost of Paps the Covert, a novice OpAs of Dithmenos (D:6)
  A manticore (D:12)
  6 shining eyes
  31 ugly things
  2 fire giant zombies
  9 salamanders
  3 stone giant zombies
  3 worldbinders
  A frost giant zombie (Vaults:2)
  5 elephants
  A titan simulacrum (Coc:7)
  3 fire giant skeletons
  2 iron dragon skeletons
  6 smoke demons
  39 moths of wrath
  4 human skeletons
  2 apocalypse crabs (Abyss:3)
  Maurice (D:8)
  5 eyes of devastation
  4 frost giant skeletons
  2 stone giant skeletons
  19 naga magi
  31 black mambas
  2 ice statues (Hell)
  2 orange demons
  A dire elephant zombie (Coc:4)
  A water nymph (shapeshifter) (Depths:4)
  15 vault sentinels
  2 gargoyles
  4 storm dragon simulacra
  Joseph (D:7)
  10 guardian serpents
  A spriggan skeleton (Depths:3)
  2 kobold demonologists
  3 hellions
  6 rime drakes
  2 torpor snails (shapeshifter)
  24 spiny frogs
  7 komodo dragons
  28 yaktaurs
  2 dire elephant skeletons
  2 emperor scorpion zombies
  A purple draconian zombie (Tar:1)
  The ghost of Paps the Covert, a novice OpAs (D:4)
  22 ice devils
  5 efreet
  36 freezing wraiths
  A hellwing (Depths:3)
  14 tormentors
  A redback zombie (Crypt:1)
  2 rime drakes (shapeshifter) (Depths:2)
  2 komodo dragons (shapeshifter)
  46 guardian mummies
  A demonic crawler (Depths:1)
  A yellow draconian skeleton (Crypt:2)
  A harpy zombie (Tar:5)
  An anaconda simulacrum (Coc:7)
  9 ancient zymes (Abyss:3)
  3 silent spectres
  A green draconian skeleton (Crypt:2)
  6 tengu conjurers
  3 meliai
  4 red devils
  A troll (shapeshifter) (Abyss:3)
  9 trolls
  2 jumping spiders (Vaults:4)
  13 hydra zombies
  3 jumping spiders (shapeshifter)
  A merfolk (D:10)
  24 hornets
  5 tyrant leeches
  A queen bee (shapeshifter) (Elf:2)
  2 polar bears
  A shadow dragon simulacrum (Tomb:2)
  A wind drake (shapeshifter) (D:14)
  2 hydra skeletons
  A polar bear (shapeshifter) (Vaults:4)
  2 ice dragon zombies (Coc:6)
  A snapping turtle (shapeshifter) (Vaults:2)
  A tyrant leech (shapeshifter) (Vaults:5)
  A queen bee (Lair:5)
  12 hippogriffs
  6 raiju (Abyss:3)
  8 bog bodies
  33 blink frogs
  A stone giant simulacrum (Vaults:4)
  4 ettin zombies
  A minotaur skeleton (Coc:5)
  80 slime creatures
  5 alligator zombies
  12 air elementals
  20 large abominations
  A guardian serpent skeleton (Crypt:2)
  A black mamba zombie (Crypt:1)
  28 starcursed masses
  2 spriggans (shapeshifter)
  3 fire dragon skeletons
  126 flying skulls
  2 tarantellas (Vaults:5)
  A fire dragon zombie (Coc:6)
  6 redbacks (Vaults:5)
  10 water elementals
  A ynoxinul (WizLab)
  A hog (Swamp:4)
  2 ettin skeletons
  51 yaks
  13 shadows
  21 ushabtiu
  A fire bat (shapeshifter) (Vaults:2)
  An ice dragon skeleton (Tar:5)
  14 spriggans
  2 wyverns
  12 wraiths
  A dire elephant simulacrum (Abyss:3)
  A black mamba skeleton (Tomb:1)
  A golden eye (shapeshifter) (Vaults:1)
  3 basilisks
  A human (shapeshifter) (Vaults:5)
  A golden eye (Slime:5)
  2 neqoxecs (Abyss:3)
  A steam dragon (shapeshifter) (Vaults:5)
  5 hungry ghosts
  4 chaos spawn
  12 fire elementals
  Menkaure (D:5)
  3 human simulacra
  A steam dragon (Lair:5)
  8 insubstantial wisps
  18 vampire mosquitoes
  54 nagas
  4 spatial vortices
  An acid dragon (D:15)
  17 swamp worms
  2 wargs
  5 spiny frog zombies
  18 small abominations
  A soldier ant (shapeshifter) (Depths:2)
  16 hell hounds
  5 porcupines
  3 floating eyes
  A floating eye (shapeshifter) (Vaults:2)
  14 soldier ants
  2 hydra simulacra (Coc:7)
  15 water moccasins
  8 swamp drakes
  An ice beast (shapeshifter) (Depths:4)
  29 orc warriors
  6 sky beasts
  4 spiny frog skeletons
  4 black bears
  2 swamp dragon zombies
  7 ice beasts
  6 eyes of draining
  An eye of draining (shapeshifter) (Vaults:4)
  23 necrophages
  21 centaurs
  An ettin simulacrum (Vaults:1)
  3 manticore zombies
  9 phantoms
  6 wolves (Lair:6)
  30 ogres
  12 boggarts
  A swamp dragon skeleton (Coc:2)
  14 crocodiles
  A manticore skeleton (Tar:6)
  A hog skeleton (Crypt:2)
  7 elf zombies (Elf:3)
  4 snapping turtle skeletons
  A rime drake zombie (Crypt:2)
  2 big kobolds
  A gnoll sergeant (D:8)
  16 bullfrogs
  A bullfrog (shapeshifter) (Elf:3)
  A cyclops zombie (Crypt:2)
  A glowing shapeshifter simulacrum (Depths:3)
  3 earth elementals
  2 wyvern skeletons
  A warg skeleton (Crypt:2)
  4 scorpions
  A water moccasin skeleton (Crypt:1)
  40 killer bees
  A polar bear zombie (Crypt:2)
  A spriggan zombie (Coc:4)
  35 wights
  8 crimson imps
  3 bullfrog zombies
  5 quasits
  2 centaur zombies
  5 iron imps
  9 hounds
  3 jellies
  20 orc priests
  3 bullfrog skeletons
  3 centaur skeletons
  19 orc wizards
  6 iguanas
  25 worker ants
  3 lightning spires (Zot:1)
  2 killer bee zombies
  A naga skeleton (Coc:6)
  2 hound skeletons
  37 mummies
  13 adders
  6 gnolls
  10 shadow imps
  4 white imps
  An ufetubus (Depths:3)
  3 oozes
  3 adder zombies
  2 worms (D:3)
  2 dart slugs (D:2)
  5 leopard geckos
  88 orcs
  2 ball pythons
  15 giant cockroaches
  7 goblins
  7 hobgoblins
  7 jackals (D:6)
  8 quokkas
  5 bats
  7 frilled lizards
  A giant cockroach zombie (D:5)
  21 kobolds
  A quokka zombie (Crypt:1)
  6 rats
  3 plants (D:10)
  3 starspawn tentacles (Abyss:3)
3529 creatures vanquished.

Vanquished Creatures (collateral kills)
  5 greater mummies
  A Killer Klown (Zot:5)
  A lich (Tomb:1)
  An acid blob (Slime:5)
  2 ancient champions (Tomb:3)
  2 revenants
  An azure jelly (Slime:5)
  A frost giant (Coc:7)
  A draconian annihilator (Zot:5)
  A reaper (Tar:1)
  A bennu (Tomb:3)
  A death ooze (Slime:5)
  6 mummy priests
  An ice dragon (Coc:7)
  3 death scarabs
  2 orc high priests (Orc:2)
  7 skeletal warriors
  An anaconda zombie (Coc:2)
  A shadow demon (Tar:1)
  An anaconda skeleton (Coc:2)
  An orc knight (Orc:2)
  A stone giant zombie (Coc:6)
  5 orc sorcerers
  A frost giant zombie (Coc:2)
  A frost giant skeleton (Tar:2)
  A storm dragon simulacrum (Coc:7)
  A tormentor (Tar:1)
  A hellion (Tar:1)
  3 guardian mummies
  A hydra zombie (Coc:6)
  3 ice devils
  2 trolls
  2 alligator zombies
  A slime creature (Slime:5)
  20 flying skulls
  13 ushabtiu
  A water elemental (Coc:2)
  A hungry ghost (Coc:2)
  4 hell hounds (Tar:3)
  A spiny frog zombie (Coc:2)
  3 orc warriors
  A spiny frog skeleton (Coc:6)
  2 necrophages
  A manticore zombie (Coc:2)
  3 wights
  2 orc priests (Orc:2)
  An orc wizard (Orc:2)
  2 mummies (Tomb:1)
  A shadow imp (Tar:2)
  2 white imps
  4 orcs
126 creatures vanquished.

Vanquished Creatures (others)
  A lich (Depths:2)
  3 eldritch tentacles
  Donald (Orc:2)
  A bennu (Tomb:2)
  23 dancing weapons
  6 death scarabs (Tomb:2)
  A skeletal warrior (Coc:7)
  An orc knight (Orc:2)
  A necromancer (D:15)
  A deep elf mage (Elf:1)
  A black mamba (Snake:4)
  A tyrant leech (Swamp:2)
  A blink frog (Swamp:4)
  3 flying skulls (Coc:2)
  A water elemental (Hell)
  An alligator skeleton (Tomb:2)
  A vampire mosquito (Swamp:1)
  2 large abominations (Abyss:3)
  An insubstantial wisp (Abyss:3)
  A naga (Snake:3)
  An ettin simulacrum (Tomb:2)
  2 orc warriors
  An ogre (D:7)
  A gnoll sergeant (Orc:1)
  A killer bee (Lair:5)
  2 small abominations (Abyss:3)
  An orc wizard (Orc:2)
  An orc (Orc:2)
  49 fungi
  A lurking horror (Abyss:3)
  36 plants
  6 starspawn tentacles (Abyss:3)
  A withered plant (D:15)
155 creatures vanquished.

Grand Total: 3810 creatures vanquished

Notes
Turn   | Place    | Note
-------+----------+-------------------------------------------
     0 | D:1      | Leszczynek the Mummy Wanderer began the quest for the Orb.
     0 | D:1      | Leszczynek set off with: a book of Conjurations, the Guide on Summoning, a +0 robe, a +0 club
     0 | D:1      | Reached XP level 1. HP: 13/13 MP: 2/2
     0 | D:1      | mmmmm yessssssssssss book start with 9 int
     0 | D:1      | yeahhhhh baby give it to meeeeeeee
     0 | D:1      | 17/9/11 (6/2/4)
     0 | D:1      | how the fuck did the game look at these stats
     0 | D:1      | and decided int is one of my main attributes
     0 | D:1      | this code doesn't work very well
     0 | D:1      | Identified the Guide on Summoning
     0 | D:1      | int target = random2(total_stats)
     0 | D:1      | ah okay
     0 | D:1      | it's still randomized
    16 | D:1      | why do i have points in charms again
    18 | D:1      | Learned a level 1 spell: Magic Dart
   154 | D:1      | Reached skill level 1 in Maces & Flails
   200 | D:1      | Reached XP level 2. HP: 16/19 MP: 0/4
   354 | D:1      | HP: 1/19 [hobgoblin/stone (3)]
   363 | D:1      | XD
   363 | D:1      | stones of doom
   363 | D:1      | he's literally stoning me to death
   511 | D:1      | what, this guy too?
  1142 | D:1      | Reached skill level 2 in Maces & Flails
  1392 | D:1      | Reached XP level 3. HP: 24/24 MP: 5/5
  1734 | D:2      | helmet of intelligence
  1734 | D:2      | i should totally become a spellcaster now
  1737 | D:2      | Learned a level 2 spell: Searing Ray
  2134 | D:2      | Reached skill level 3 in Maces & Flails
  2276 | D:2      | Reached XP level 4. HP: 30/30 MP: 6/6
  3086 | D:3      | Found a blossoming altar of Fedhas.
  3229 | D:3      | Noticed nht's ghost (amateur KoAs)
  3784 | D:3      | Found a stormy altar of Qazlal.
  4123 | D:4      | Noticed Paps's ghost (novice OpAs)
  4149 | D:4      | Found a shimmering altar of Xom.
  4149 | D:4      | Found an opulent altar of Gozag.
  4155 | D:4      | 2gozag or not2gozag
  4155 | D:4      | whatever
  4155 | D:4      | Became a worshipper of Gozag Ym Sagoz the Greedy
  4238 | D:4      | Reached XP level 5. HP: 29/35 MP: 7/7
  4468 | D:4      | Got a heavily runed tin ring
  4473 | D:4      | Identified the ring of Dim Light {Ice Int+6} (You found it on level 4 of the Dungeon)
  4713 | D:3      | Reached skill level 4 in Maces & Flails
  5213 | D:4      | Reached XP level 6. HP: 41/41 MP: 8/8
  5358 | D:4      | Killed Paps's ghost
  5358 | D:4      | Reached skill level 6 in Maces & Flails
  5358 | D:4      | Reached XP level 7. HP: 21/46 MP: 9/9
  5952 | D:3      | Noticed Grinder
  6252 | D:5      | Entered Level 5 of the Dungeon
  6304 | D:5      | Noticed Menkaure
  6520 | D:5      | Killed Menkaure
  6520 | D:5      | Reached skill level 2 in Fighting
  6546 | D:5      | Reached skill level 3 in Fighting
  6594 | D:5      | Reached skill level 7 in Maces & Flails
  6675 | D:5      | Reached XP level 8. HP: 57/58 MP: 10/10
  7265 | D:5      | Reached skill level 8 in Maces & Flails
  7387 | D:5      | Reached skill level 4 in Fighting
  7390 | D:5      | after a mumo this is like a walk in a park
  7507 | D:6      | Reached skill level 1 in Dodging
  7515 | D:6      | Noticed Paps's ghost (novice OpAs)
  7595 | D:6      | Killed Paps's ghost
  7595 | D:6      | Reached skill level 5 in Fighting
  7595 | D:6      | Reached skill level 2 in Dodging
  7731 | D:6      | Reached skill level 6 in Fighting
  7731 | D:6      | Reached XP level 9. HP: 69/69 MP: 11/11
  7801 | D:6      | Got a pitted ring mail
  7821 | D:6      | Identified the +5 ring mail of Inquiry {rN+++ MR+ Regen+ Dex-4} (You found it on level 6 of the Dungeon)
  7821 | D:6      | okay, this is acceptable
  8229 | D:6      | Reached skill level 3 in Dodging
  8661 | D:7      | Got a pair of polished gloves
  8667 | D:7      | Identified the cursed +0 pair of gloves "Wowomame" {*Slow Int+3} (You found it on level 7 of the Dungeon)
  8758 | D:7      | Noticed a gargoyle
  8759 | D:7      | what
  8759 | D:7      | really?
  8886 | D:6      | two stairs next to each other, third unavailable
  8976 | D:7      | Noticed Joseph
  8977 | D:7      | uh huh
  8977 | D:7      | time for a level skip
  9049 | D:8      | Reached skill level 9 in Maces & Flails
  9128 | D:8      | Noticed Gastronok
  9293 | D:8      | Noticed a kobold demonologist
  9457 | D:8      | Noticed a sixfirhy
  9462 | D:8      | oh fuuuuuck
  9537 | D:7      | Killed Joseph
  9537 | D:7      | Reached skill level 10 in Maces & Flails
  9576 | D:7      | Found a basalt altar of Yredelemnul.
  9612 | D:7      | Found a staircase to the Ecumenical Temple.
  9758 | D:6      | Found an iron altar of Okawaru.
  9758 | D:6      | Found a hazy altar of Hepliaklqana.
  9761 | D:6      | Found a shadowy altar of Dithmenos.
  9990 | D:7      | Reached XP level 10. HP: 76/76 MP: 12/12
 10106 | D:7      | Found a shattered altar of Ashenzari.
 10664 | D:8      | Noticed a two-headed ogre
 10803 | D:8      | Noticed a soul eater
 10845 | D:8      | Noticed a sun demon
 11039 | D:8      | Noticed Maurice
 11053 | D:8      | Killed Maurice
 11122 | D:8      | Reached skill level 1 in Evocations
 11916 | D:9      | Learned a level 2 spell: Blink
 11974 | D:9      | Noticed a two-headed ogre
 12048 | D:10     | Entered Level 10 of the Dungeon
 12145 | D:9      | Got a faintly glowing quarterstaff
 12146 | D:9      | Identified the cursed +0 quarterstaff "Ugherofa" {flame, *Rage rElec rN+++ Str+3} (You found it on level 9 of the Dungeon)
 12277 | D:10     | Found a staircase to the Lair.
 12316 | D:10     | Reached skill level 7 in Fighting
 12316 | D:10     | Reached skill level 2 in Evocations
 12474 | D:10     | Noticed pedritolo's ghost (novice TrFi)
 12572 | D:10     | Reached skill level 3 in Evocations
 12804 | D:9      | Bought a glowing eveningstar for 486 gold pieces
 12805 | D:9      | okay
 12805 | D:9      | this is good
 13096 | D:11     | Noticed Erica
 13097 | D:11     | hmm
 13218 | D:10     | Reached skill level 2 in Shields
 13271 | D:11     | Noticed a five-headed hydra
 13358 | Lair:1   | Entered Level 1 of the Lair of Beasts
 13409 | Lair:1   | Noticed Fannar
 13432 | Lair:1   | Killed Fannar
 13432 | Lair:1   | Reached skill level 8 in Fighting
 13432 | Lair:1   | Reached skill level 3 in Shields
 13432 | Lair:1   | Reached skill level 4 in Evocations
 13432 | Lair:1   | Reached XP level 11. HP: 76/86 MP: 14/14
 13547 | Lair:1   | Reached skill level 4 in Shields
 13630 | Lair:1   | Reached skill level 11 in Maces & Flails
 13815 | Lair:1   | Noticed an oklob plant
 13815 | Lair:1   | Noticed an oklob plant
 13815 | Lair:1   | Noticed a seven-headed hydra
 13815 | Lair:1   | Noticed an oklob plant
 14486 | Lair:2   | Got a twitching lead ring
 14494 | Lair:2   | Identified the ring "Bazxodgh" {+Blink MR+ AC+2 SInv} (You found it on level 2 of the Lair of Beasts)
 14611 | Lair:1   | Noticed a six-headed hydra
 14783 | Lair:3   | Found a staircase to the Swamp.
 14806 | Lair:3   | Reached skill level 12 in Maces & Flails
 15160 | Lair:3   | Noticed a death yak
 15161 | Lair:3   | Noticed a death yak
 15161 | Lair:3   | Noticed a death yak
 15276 | Lair:3   | Killed a death yak
 15426 | Lair:3   | Killed a death yak
 15426 | Lair:3   | Reached XP level 12. HP: 92/92 MP: 15/15
 15437 | Lair:3   | Noticed a death yak
 15462 | Lair:3   | Killed a death yak
 15462 | Lair:3   | Reached skill level 13 in Maces & Flails
 15477 | Lair:3   | Killed a death yak
 15707 | Lair:3   | Reached skill level 9 in Fighting
 15973 | Lair:4   | Reached skill level 4 in Dodging
 16074 | Lair:4   | Reached skill level 5 in Dodging
 16111 | Lair:4   | Noticed an eight-headed hydra
 16173 | Lair:4   | Noticed an eight-headed hydra
 16277 | Lair:4   | Reached skill level 6 in Dodging
 16388 | Lair:4   | Found a staircase to the Snake Pit.
 16573 | Lair:5   | Reached skill level 7 in Dodging
 16678 | Lair:5   | Noticed a five-headed hydra
 16834 | Lair:5   | Gained mutation: You are in touch with the powers of death. [Mummy growth]
 16834 | Lair:5   | Reached XP level 13. HP: 88/103 MP: 16/16
 16836 | Lair:5   | Reached skill level 10 in Fighting
 17330 | Lair:4   | Reached skill level 5 in Evocations
 17582 | Lair:6   | Entered Level 6 of the Lair of Beasts
 17680 | Lair:6   | Reached skill level 6 in Evocations
 17851 | Lair:6   | Found a staircase to the Slime Pits.
 17851 | Lair:6   | Found a viscous altar of Jiyva.
 18284 | Lair:6   | Reached skill level 11 in Fighting
 18445 | Lair:6   | Reached skill level 14 in Maces & Flails
 18476 | Lair:6   | Reached skill level 8 in Dodging
 18939 | Lair:6   | Got a pair of crude gloves
 18940 | Lair:6   | Identified the +1 pair of gloves of the Salmon {rF+ rN+} (You found it on level 6 of the Lair of Beasts)
 19024 | Lair:6   | Reached XP level 14. HP: 85/113 MP: 18/18
 20381 | Lair:5   | Noticed an entropy weaver
 20409 | Lair:4   | Found a snail-covered altar of Cheibriados.
 20696 | Lair:4   | HP: 19/114 [eight-headed hydra (9)]
 21449 | Lair:1   | Reached skill level 9 in Dodging
 21754 | D:10     | Reached skill level 12 in Fighting
 21954 | D:11     | Killed Erica
 22159 | D:11     | Reached skill level 15 in Maces & Flails
 22368 | D:11     | You fall through a shaft for 2 floors!
 22369 | D:13     | oh, this might make things interesting
 23202 | D:12     | i have 5260 gold btw
 23202 | D:12     | no need to spend on anything because i'm too strong for this point of the game
 23329 | D:12     | Noticed a tengu reaver
 23330 | D:12     | hm
 23334 | D:12     | Noticed an iron dragon
 23334 | D:12     | a tengu reaver changed into an iron dragon
 23335 | D:12     | hm
 23335 | D:12     | i think i made things worse
 23503 | D:12     | Found a staircase to the Orcish Mines.
 23522 | Orc:1    | Entered Level 1 of the Orcish Mines
 23738 | Orc:1    | Reached XP level 15. HP: 122/122 MP: 19/19
 23832 | Orc:1    | Found a roughly hewn altar of Beogh.
 24078 | Orc:2    | Entered Level 2 of the Orcish Mines
 24078 | Orc:2    | Noticed Donald
 24079 | Orc:2    | donald is a problem
 24087 | Orc:2    | Noticed sveltemanboy's ghost (journeyman DsMo)
 24088 | Orc:2    | brave man, wearing ice dragon scales in orc
 24103 | Orc:2    | Killed sveltemanboy's ghost
 24206 | Orc:2    | Noticed Saint Roka
 24208 | Orc:2    | ah
 24208 | Orc:2    | not good
 24210 | Orc:2    | Found Qirphotz's Book Shoppe.
 24211 | Orc:2    | even worse
 24247 | Orc:2    | Noticed Rupert
 24248 | Orc:2    | well
 24248 | Orc:2    | this is really anal
 24249 | Orc:2    | well, that's 3000 gold down
 24251 | Orc:2    | but rupert and saint roka are now my palas
 24251 | Orc:2    | *pals
 24257 | Orc:2    | i had to bribe orc
 24257 | Orc:2    | how sad
 24294 | Orc:2    | Found a staircase to the Elven Halls.
 24458 | Orc:2    | donald likes me too now
 24458 | Orc:2    | actually that sucks, i wanted his shield
 24458 | Orc:2    | nvm, it's normal
 24458 | Orc:2    | you can be my friend
 24472 | Orc:2    | Found Vuhaw's Jewellery Shoppe.
 24473 | Orc:2    | Found Uzaojah's Jewellery Boutique.
 24473 | Orc:2    | Found Idim's Armour Boutique.
 24474 | Orc:2    | Your ally died
 24529 | Orc:2    | Bought the ring "Lawkun" {rF+ MR+ MP+9 Dex+6} for 574 gold pieces
 24529 | Orc:2    | Bought the ring "Unud" {Fire rElec Int+4 SInv} for 567 gold pieces
 24529 | Orc:2    | Bought the amulet of Vitality {Regen+ HP+15} for 869 gold pieces
 24543 | Orc:2    | Bought a +0 large shield of protection for 138 gold pieces
 24990 | D:12     | and suddenly i'm out of gold
 25953 | D:13     | Reached skill level 5 in Shields
 26255 | D:14     | Reached skill level 16 in Maces & Flails
 26380 | D:14     | Reached skill level 7 in Evocations
 26458 | D:14     | Found a gate to the Vaults.
 26558 | D:14     | Reached skill level 6 in Shields
 26931 | D:14     | Reached skill level 8 in Evocations
 27310 | D:15     | Entered Level 15 of the Dungeon
 27495 | D:15     | Reached skill level 7 in Shields
 27546 | D:15     | Reached skill level 2 in Armour
 27628 | D:15     | Noticed Roxanne
 27890 | D:15     | Found a staircase to the Depths.
 28723 | Swamp:1  | Entered Level 1 of the Swamp
 28811 | Swamp:1  | Reached skill level 3 in Armour
 28816 | Swamp:1  | Noticed Nikola
 28829 | Swamp:1  | Killed Nikola
 28829 | Swamp:1  | Reached skill level 8 in Shields
 28829 | Swamp:1  | Reached XP level 16. HP: 129/129 MP: 22/22
 28865 | Swamp:1  | get fuged scrub
 28897 | Swamp:1  | Learned a level 1 spell: Summon Butterflies
 28903 | Swamp:1  | Learned a level 5 spell: Summon Mana Viper
 29143 | Swamp:1  | oh, if you kill a monster in deep water, you still get the gold
 29143 | Swamp:1  | neat
 29561 | Swamp:2  | Noticed a thorn hunter
 29570 | Swamp:2  | Killed a thorn hunter
 29570 | Swamp:2  | Reached skill level 9 in Shields
 29574 | Swamp:2  | wow, even a thorn hunter goes down like a bitch
 29581 | Swamp:2  | Reached skill level 13 in Fighting
 29717 | Swamp:2  | Learned a level 3 spell: Spectral Weapon
 29720 | Swamp:2  | Learned a level 2 spell: Song of Slaying
 30277 | Swamp:3  | Reached skill level 10 in Shields
 30338 | Swamp:3  | Noticed a thorn hunter
 30352 | Swamp:3  | Killed a thorn hunter
 31144 | Swamp:4  | Entered Level 4 of the Swamp
 31175 | Swamp:4  | back to
 31175 | Swamp:4  | 3k gold
 31175 | Swamp:4  | this bug has been fixed in a funny way
 31282 | Swamp:4  | Noticed a thorn hunter
 31315 | Swamp:4  | Killed a thorn hunter
 31315 | Swamp:4  | Reached skill level 11 in Shields
 31770 | Swamp:4  | Got a decaying rune of Zot
 31828 | Swamp:4  | Reached skill level 12 in Shields
 32388 | Lair:3   | bingo
 32388 | Lair:3   | this must be the best gozag game i've ever had
 32388 | Lair:3   | Bought a shimmering hat for 270 gold pieces
 32388 | Lair:3   | Bought a runed large shield for 225 gold pieces
 32388 | Lair:3   | Identified the +0 hat "Zilis" {rPois Regen+ Int-5} (You bought it in a shop on level 3 of the Lair of Beasts)
 32414 | Lair:3   | Bought a runed cloak for 225 gold pieces
 32577 | Lair:3   | Bought a fine plate armour for 840 gold pieces
 32577 | Lair:3   | Identified the cursed +0 plate armour "Vam Pix" {rPois rCorr Str-2 SInv} (You bought it in a shop on level 3 of the Lair of Beasts)
 32581 | Lair:3   | Bought a steaming scale mail for 270 gold pieces
 32581 | Lair:3   | Bought a diamond-encrusted scale mail for 270 gold pieces
 32582 | Lair:3   | Identified the +3 scale mail of Viwir {rPois Dex+2} (You bought it in a shop on level 3 of the Lair of Beasts)
 32583 | Lair:3   | Identified the cursed +1 scale mail "Biedwol" {Str+2 Int+4 Dex-5} (You bought it in a shop on level 3 of the Lair of Beasts)
 32586 | Lair:3   | hah
 32586 | Lair:3   | maybe not so good after all
 32588 | Lair:3   | but the +2 large shield of AC is nice
 32589 | Lair:3   | i thought that steam dragon scales are storm at first
 32642 | Snake:1  | Entered Level 1 of the Snake Pit
 32691 | Lair:4   | Reached XP level 17. HP: 137/137 MP: 23/23
 32942 | Snake:1  | Found a sparkling altar of Nemelex Xobeh.
 33431 | Snake:2  | Noticed zhorgal's ghost (adept TrMo)
 33502 | Snake:2  | Killed zhorgal's ghost
 33664 | Snake:2  | Identified the Almanac of Igneous Stones
 33910 | Snake:2  | Reached skill level 13 in Shields
 34071 | Snake:2  | Found Balohi's Book Boutique.
 34071 | Snake:2  | Found Geasell Icif's Weapon Shop.
 34074 | Snake:2  | Found Qunyut's Book Boutique.
 34083 | Snake:2  | manual of throwing
 34083 | Snake:2  | okay
 34083 | Snake:2  | now i just need to get some good needles
 34366 | Snake:2  | Noticed Jorgrun
 34367 | Snake:2  | oh shit
 34374 | Snake:2  | Killed Jorgrun
 34946 | Snake:3  | Reached skill level 14 in Fighting
 35791 | Snake:4  | Entered Level 4 of the Snake Pit
 36162 | Snake:4  | Reached skill level 14 in Shields
 36449 | Snake:4  | tablord mummy
 36449 | Snake:4  | sounds funny but with these apts you can't really play a hybrid
 37088 | Snake:4  | Reached XP level 18. HP: 130/147 MP: 24/24
 37760 | Snake:4  | Reached skill level 15 in Shields
 37805 | Snake:4  | Reached skill level 15 in Fighting
 37902 | Snake:4  | Got a serpentine rune of Zot
 38239 | D:10     | Killed pedritolo's ghost
 38351 | Vaults:1 | Entered Level 1 of the Vaults
 38477 | Vaults:1 | Reached skill level 4 in Armour
 38689 | Vaults:1 | Reached skill level 5 in Armour
 39392 | Vaults:1 | Reached skill level 6 in Armour
 39769 | Vaults:2 | Paralysed by a floating eye for 2 turns
 39964 | Vaults:2 | Reached skill level 7 in Armour
 40003 | Vaults:2 | Reached skill level 10 in Dodging
 40287 | Vaults:2 | Found Koca Von's General Store.
 40293 | Vaults:2 | Bought a scroll of teleportation for 42 gold pieces
 40293 | Vaults:2 | Bought a lightning rod (4/4) for 560 gold pieces
 40557 | Vaults:2 | Reached skill level 8 in Armour
 40669 | Vaults:2 | Reached XP level 19. HP: 155/155 MP: 25/25
 41209 | Vaults:3 | Found Uklot's Distillery.
 41366 | Vaults:3 | Reached skill level 9 in Armour
 41642 | Vaults:3 | Found a staircase to the Crypt.
 41909 | Vaults:3 | Reached skill level 10 in Armour
 42006 | Vaults:3 | Found a hazy altar of Hepliaklqana.
 42500 | Vaults:3 | Noticed Margery
 42526 | Vaults:3 | Killed Margery
 43365 | Vaults:4 | Reached skill level 9 in Evocations
 43608 | Vaults:4 | Reached skill level 16 in Shields
 43768 | Vaults:4 | Reached XP level 20. HP: 162/164 MP: 26/26
 43875 | Vaults:4 | Found Ufukloschu's Armour Shop.
 44346 | Vaults:4 | Reached skill level 16 in Fighting
 44759 | Vaults:5 | Entered Level 5 of the Vaults
 44760 | Vaults:5 | oh wait
 44760 | Vaults:5 | no no no
 44760 | Vaults:5 | not yet
 44760 | Vaults:5 | XD
 44762 | Vaults:4 | oops
 44843 | Crypt:1  | Entered Level 1 of the Crypt
 45084 | Crypt:1  | Identified the Incunabulum of Doomed Heat
 45317 | Crypt:1  | Reached skill level 10 in Evocations
 45484 | Crypt:2  | Reached skill level 1 in Translocations
 45510 | Crypt:2  | Noticed Frederick
 45549 | Crypt:1  | Killed Frederick
 45549 | Crypt:1  | Reached skill level 2 in Translocations
 45595 | Crypt:2  | Noticed Mara
 45600 | Crypt:2  | Noticed Leszczynek's illusion
 45724 | Crypt:2  | Noticed Leszczynek's illusion
 45749 | Crypt:1  | Killed Mara
 45749 | Crypt:1  | Reached skill level 4 in Translocations
 45962 | Crypt:2  | Reached skill level 5 in Translocations
 46175 | Crypt:2  | Reached skill level 2 in Spellcasting
 46337 | Crypt:2  | Noticed Jory
 46403 | Crypt:2  | Killed Jory
 46403 | Crypt:2  | Reached skill level 3 in Spellcasting
 46589 | Crypt:2  | Reached skill level 6 in Translocations
 46618 | Crypt:2  | Reached skill level 4 in Spellcasting
 46870 | Crypt:2  | Reached skill level 5 in Spellcasting
 47040 | Crypt:3  | Entered Level 3 of the Crypt
 47077 | Crypt:3  | Reached skill level 6 in Spellcasting
 47126 | Crypt:3  | Reached XP level 21. HP: 171/171 MP: 30/30
 47161 | Crypt:3  | nice tele trap
 47230 | Crypt:3  | Learned a level 5 spell: Dispel Undead
 47358 | Crypt:3  | Reached skill level 17 in Shields
 47363 | Crypt:3  | Noticed Boris
 47409 | Crypt:3  | Killed Boris
 47647 | Crypt:3  | Found an ancient bone altar of Kikubaaqudgha.
 48103 | Crypt:2  | Found an ancient bone altar of Kikubaaqudgha.
 48424 | Crypt:3  | Reached skill level 17 in Fighting
 48486 | Crypt:3  | Noticed a profane servitor
 48513 | Crypt:3  | Killed a profane servitor
 48678 | Crypt:3  | Reached skill level 18 in Shields
 48728 | Crypt:3  | Learned a level 5 spell: Aura of Abjuration
 49101 | Crypt:3  | Found a staircase to the Tomb.
 49188 | Crypt:3  | Got a clouded amber ring
 49189 | Crypt:3  | Identified the ring of Qovauxt {+Fly Int+4} (You found it on level 3 of the Crypt)
 49190 | Crypt:3  | i think flight might be useful for something, better keep it
 49222 | Crypt:3  | just in case
 49731 | Elf:1    | Entered Level 1 of the Elven Halls
 49746 | Elf:1    | Found Zecitsao's Food Emporium.
 49781 | Elf:1    | Found a magical portal.
 49861 | WizLab   | Entered The Roulette of Golubria
 49862 | WizLab   | ah, this
 49862 | WizLab   | it's okay, they have nice cloaks here
 49864 | WizLab   | Found a corrupted altar of Lugonu.
 49956 | WizLab   | Learned a level 4 spell: Passage of Golubria
 50098 | WizLab   | cloak of starlight
 50098 | WizLab   | exactly what i hoped for
 50188 | WizLab   | Identified the +4 cloak of Brilliance {rF+ rCorr Str+3 Int+3} (You found it in a wizard's laboratory)
 50189 | WizLab   | oh
 50189 | WizLab   | this one's not bad either
 50191 | WizLab   | Identified the +0 cloak "Novyjemn" {MR+++ Int-3 Slay+6 Stlth+} (You found it in a wizard's laboratory)
 50192 | WizLab   | damn
 50192 | WizLab   | funny things
 50217 | WizLab   | i'm gonna carry them out at least
 50453 | Elf:1    | Reached XP level 22. HP: 168/182 MP: 31/31
 50462 | Elf:1    | oh wait
 50462 | Elf:1    | is this that famous minmay grid?
 51309 | Elf:1    | Noticed Azrael
 51340 | Elf:1    | Killed Azrael
 51510 | Elf:2    | Reached skill level 19 in Shields
 51589 | Elf:2    | Found an ancient bone altar of Kikubaaqudgha.
 51886 | Elf:2    | Found a runed gate.
 51886 | Elf:2    | Found a runed gate.
 52022 | Elf:2    | Found a runed gate.
 52133 | Elf:3    | Entered Level 3 of the Elven Halls
 52333 | Elf:3    | Identified the Tome of Black Arts
 52340 | Elf:3    | Learned a level 4 spell: Control Undead
 53041 | Elf:3    | Reached skill level 18 in Fighting
 53202 | Elf:3    | Got a heavily runed jade ring
 53203 | Elf:3    | Identified the ring "Calagh" {rElec rC+ rN+ AC+5} (You took it off a deep elf blademaster on level 3 of the Elven Halls)
 53204 | Elf:3    | okay
 53204 | Elf:3    | that's decent
 53204 | Elf:3    | lol
 53309 | Elf:3    | Got a scorched glass ring
 53312 | Elf:3    | Identified the ring "Lykk" {rElec rPois rF+ MR- Slay+5} (You took it off a deep elf death mage on level 3 of the Elven Halls)
 53313 | Elf:3    | >slay+5
 53313 | Elf:3    | nice rings
 53352 | Elf:3    | Identified a scroll of acquirement
 53358 | Elf:3    | what do i acquire
 53358 | Elf:3    | i have so many good things already
 53359 | Elf:3    | i acquired a +0 hat
 53359 | Elf:3    | damn i'm good now
 53636 | Elf:3    | Got a coiled brass ring
 53637 | Elf:3    | Identified the ring of Amelioration {Fire Int+3} (You took it off a deep elf demonologist on level 3 of the Elven Halls)
 53765 | Elf:3    | Reached skill level 20 in Shields
 54260 | Elf:3    | Identified the Catalogue of Glacial Ignition
 54655 | Slime:1  | Entered Level 1 of the Pits of Slime
 54665 | Lair:6   | Reached skill level 1 in Necromancy
 54696 | Slime:1  | Reached skill level 1 in Summonings
 54704 | Lair:6   | Reached skill level 2 in Necromancy
 54871 | Slime:1  | Reached XP level 23. HP: 190/190 MP: 32/32
 54965 | Slime:1  | Reached skill level 3 in Necromancy
 55132 | Slime:2  | Reached skill level 4 in Necromancy
 55188 | Slime:2  | Reached skill level 2 in Summonings
 55339 | Slime:3  | Reached skill level 5 in Necromancy
 55543 | Slime:3  | Reached skill level 3 in Summonings
 55558 | Slime:3  | Reached skill level 6 in Necromancy
 55935 | Slime:3  | i can just clear this because shining eyes do nothing
 55955 | Slime:3  | Reached skill level 7 in Necromancy
 56316 | Slime:1  | Reached skill level 4 in Summonings
 56449 | Slime:2  | ok and that's enough
 56449 | Slime:2  | slime 5 comes later
 56638 | D:10     | i need PoG castable for that
 56638 | D:10     | well not *need*
 56638 | D:10     | but want to
 56758 | Depths:1 | Entered Level 1 of the Depths
 56759 | Depths:1 | i need strong control undead for tomb
 56759 | Depths:1 | and i should be fine
 56853 | Depths:1 | Noticed pedritolo's ghost (adept TrGl)
 56896 | Depths:1 | Killed pedritolo's ghost
 57079 | Depths:1 | Reached skill level 8 in Necromancy
 57170 | Depths:1 | Found Uwko's Weapon Emporium.
 57356 | Depths:1 | Found a one-way gate leading to the halls of Pandemonium.
 57419 | Depths:1 | Reached skill level 9 in Necromancy
 57463 | Depths:1 | Reached skill level 7 in Translocations
 57743 | Depths:1 | Found a gateway to Hell.
 58112 | Depths:2 | Found a gateway to a ziggurat.
 58129 | Depths:2 | Reached skill level 10 in Necromancy
 58513 | Depths:2 | Found a shadowy altar of Dithmenos.
 58514 | Depths:2 | Found a stormy altar of Qazlal.
 58514 | Depths:2 | Found a radiant altar of Vehumet.
 58677 | Depths:2 | Reached skill level 11 in Necromancy
 58684 | Depths:2 | Reached skill level 8 in Translocations
 58941 | Depths:2 | Reached XP level 24. HP: 197/197 MP: 32/32
 59088 | Depths:2 | 13k gold already...
 59309 | Depths:2 | Reached skill level 12 in Necromancy
 59722 | Depths:2 | Identified Qugysaxuu's Papyrus of Glacial Unholy Rituals
 59725 | Depths:2 | Learned a level 1 spell: Animate Skeleton
 59845 | Depths:3 | Reached skill level 21 in Shields
 59969 | Depths:3 | Reached skill level 2 in Stealth
 59992 | Depths:3 | Found Uheawikhluku's Jewellery Shoppe.
 59992 | Depths:3 | Found Teozxyth's Gadget Shop.
 59993 | Depths:3 | Found Xiowk's Gadget Shop.
 60002 | Depths:3 | Bought a box of beasts for 300 gold pieces
 60002 | Depths:3 | Bought a sack of spiders for 300 gold pieces
 60002 | Depths:3 | Bought a lamp of fire for 600 gold pieces
 60014 | Depths:3 | Bought a sack of spiders for 320 gold pieces
 60014 | Depths:3 | Bought a box of beasts for 320 gold pieces
 60014 | Depths:3 | Bought a box of beasts for 320 gold pieces
 60014 | Depths:3 | being able to buy all these is a nice bonus
 60016 | Depths:3 | ring of robustness in the shop, but i honestly don't think i want it
 60137 | Depths:3 | oh wait
 60137 | Depths:3 | stealth won't do shit, my cloak has stlth---
 60137 | Depths:3 | *--
 60137 | Depths:3 | unless i swap it out, i suppose
 60163 | Depths:3 | yep, we'll do that for abyss
 60387 | Depths:3 | Reached skill level 3 in Stealth
 60606 | Depths:3 | Reached skill level 4 in Stealth
 60893 | Depths:3 | Reached skill level 5 in Stealth
 61126 | Depths:3 | Reached skill level 6 in Stealth
 61474 | Depths:3 | Found a one-way gate to the infinite horrors of the Abyss.
 61502 | Depths:3 | Reached skill level 7 in Stealth
 61682 | Depths:3 | Reached skill level 8 in Stealth
 61765 | Depths:3 | ok, that's enough
 62213 | Depths:4 | Reached XP level 25. HP: 204/204 MP: 32/32
 62700 | Depths:4 | Reached skill level 22 in Shields
 63129 | Depths:4 | Noticed an ancient lich
 63602 | Depths:4 | Identified the Papyrus of the Farrier
 63876 | Depths:5 | Entered Level 5 of the Depths
 64154 | Depths:4 | Reached skill level 2 in Charms
 64704 | Depths:5 | Noticed a juggernaut
 64769 | Depths:5 | Killed a juggernaut
 64769 | Depths:5 | Reached skill level 3 in Charms
 64772 | Depths:5 | Paralysed by a floating eye for 4 turns
 64882 | Depths:5 | Found a gate to the Realm of Zot.
 64966 | Depths:5 | Reached skill level 23 in Shields
 65025 | Depths:5 | Reached skill level 4 in Charms
 65217 | Depths:5 | Reached skill level 1 in Hexes
 65356 | Depths:5 | Reached skill level 2 in Hexes
 65403 | Depths:5 | Reached skill level 7 in Spellcasting
 65683 | Depths:5 | Reached skill level 3 in Hexes
 65802 | Depths:4 | Voluntarily entered the Abyss.
 65808 | Abyss:1  | forgot apportation
 65810 | Abyss:1  | oops
 65992 | Abyss:1  | Reached skill level 8 in Spellcasting
 66102 | Depths:4 | Escaped the Abyss
 66129 | Depths:4 | Noticed the Enchantress
 66170 | Depths:4 | Reached skill level 4 in Hexes
 66231 | Depths:4 | Killed an ancient lich
 66231 | Depths:4 | Reached skill level 9 in Spellcasting
 66394 | Depths:4 | Reached skill level 5 in Hexes
 66397 | Depths:4 | Killed the Enchantress
 66397 | Depths:4 | Gained mutation: You are strongly in touch with the powers of death. [Mummy growth]
 66397 | Depths:4 | Reached XP level 26. HP: 206/211 MP: 36/36
 66425 | Depths:4 | Identified the +2 faerie dragon scales {rCorr Stlth+} (You took it off the Enchantress on level 4 of the Depths)
 66426 | Depths:4 | ehh
 66723 | Depths:2 | Reached skill level 10 in Spellcasting
 66736 | Depths:2 | Reached skill level 6 in Hexes
 67088 | Orc:2    | Bought a book of Cantrips for 260 gold pieces
 67090 | Orc:2    | Learned a level 1 spell: Apportation
 67453 | Depths:4 | Voluntarily entered the Abyss.
 67454 | Abyss:1  | Upgraded the game from 0.20-a0-1065-g8446734 to 0.20-a0-1074-g6a0a8e1
 67585 | Abyss:3  | Found a corrupted altar of Lugonu.
 67586 | Abyss:3  | how nice (so far)
 67668 | Abyss:3  | Paralysed by you for 6 turns
 67682 | Abyss:3  | Reached skill level 5 in Summonings
 68043 | Abyss:3  | Reached skill level 6 in Summonings
 68265 | Abyss:3  | Paralysed by accursed screaming for 1 turns
 68399 | Abyss:3  | Reached skill level 7 in Summonings
 68788 | Abyss:3  | Found a glowing golden altar of the Shining One.
 68832 | Abyss:3  | Noticed a juggernaut
 68850 | Abyss:3  | Killed a juggernaut
 68850 | Abyss:3  | Reached skill level 8 in Summonings
 68855 | Abyss:3  | Got an abyssal rune of Zot
 68856 | Abyss:3  | first time i see a holy abyssal vault
 68943 | Abyss:3  | Found a corrupted altar of Lugonu.
 69147 | Depths:4 | Escaped the Abyss
 69217 | Zot:1    | Entered Level 1 of the Realm of Zot
 69365 | Zot:1    | Reached skill level 9 in Summonings
 69641 | Zot:1    | Reached skill level 10 in Summonings
 69795 | Zot:1    | Noticed an orb of fire
 69798 | Zot:1    | nonononono
 69817 | Zot:1    | i want to regain my attributes, not lose some more
 70176 | Zot:2    | Reached skill level 7 in Hexes
 70381 | Zot:2    | Reached skill level 8 in Hexes
 70504 | Zot:2    | Reached skill level 9 in Hexes
 70814 | Zot:2    | Reached skill level 10 in Hexes
 71058 | Depths:4 | Learned a level 3 spell: Lesser Beckoning
 71159 | Depths:4 | Noticed Sojobo
 71191 | Depths:4 | Killed Sojobo
 71312 | Depths:2 | Reached XP level 27. HP: 217/217 MP: 37/37
 72506 | Vaults:5 | Identified the Handbook of Exhibitionism
 72646 | Vaults:5 | Got a silver rune of Zot
 72755 | Vaults:5 | Reached skill level 24 in Shields
 73146 | Vaults:5 | first wand of random effects in the game
 73327 | Vaults:5 | Reached skill level 11 in Dodging
 73404 | Vaults:5 | 20k gold baby
 73511 | Vaults:5 | Identified the +3 chain mail of Kisang {rF++ Str-3 Slay+4} (You took it off a vault warden on level 5 of the Vaults)
 73512 | Vaults:5 | Identified the amulet of Hifu {RegenMP rN+} (You took it off a vault warden on level 5 of the Vaults)
 73980 | Vaults:5 | k, back to 20k
 74864 | Slime:5  | Entered Level 5 of the Pits of Slime
 74960 | Slime:5  | Found a viscous altar of Jiyva.
 74961 | Slime:5  | Noticed the Royal Jelly
 74985 | Slime:5  | Killed the Royal Jelly
 74985 | Slime:5  | Reached skill level 12 in Dodging
 74990 | Slime:5  | Reached skill level 25 in Shields
 75138 | Slime:5  | Identified the ring of Cuguysyi {rElec MR+ Str+4} (You found it on level 5 of the Pits of Slime)
 75215 | Slime:5  | manual of shields
 75215 | Slime:5  | A BIT LATE
 75223 | Slime:5  | Got a slimy rune of Zot
 76255 | Zot:1    | Killed an orb of fire
 77319 | Zot:3    | Reached skill level 13 in Dodging
 77319 | Zot:3    | Reached skill level 9 in Translocations
 77467 | Zot:3    | Reached skill level 19 in Fighting
 78128 | Zot:4    | oh god what
 78128 | Zot:4    | hmmmmmmmmm
 78260 | Zot:3    | ok, so reentering just like that is not the best idea
 78260 | Zot:3    | because monstrosities will constrict me
 78260 | Zot:3    | on the other hand stairdancing this would be nice
 78260 | Zot:3    | should i really train for invis?
 78260 | Zot:3    | i mean this is about the last place when it's useful
 78260 | Zot:3    | save for hellions in extended
 78498 | Zot:3    | Reached skill level 14 in Dodging
 79098 | Zot:4    | Reached skill level 15 in Dodging
 79152 | Zot:4    | okay, 23 EV will have to be enough
 79152 | Zot:4    | now time for transloc
 79295 | Zot:4    | Reached skill level 10 in Translocations
 79698 | Zot:4    | Learned a level 2 spell: Passwall
 79717 | Zot:4    | Reached skill level 1 in Transmutations
 79717 | Zot:4    | Reached skill level 1 in Earth Magic
 79938 | Zot:5    | Entered Level 5 of the Realm of Zot
 79980 | Zot:5    | Reached skill level 2 in Transmutations
 80054 | Zot:5    | Reached skill level 2 in Earth Magic
 80178 | Zot:5    | Reached skill level 3 in Transmutations
 80218 | Zot:5    | Reached skill level 3 in Earth Magic
 80347 | Zot:5    | Noticed an ancient lich
 80368 | Zot:5    | Killed an ancient lich
 80387 | Zot:5    | why the fuck is this so empty
 80387 | Zot:5    | i'm going to get gangbanged by 5 orbs any second now
 80387 | Zot:5    | am i
 80401 | Zot:5    | Reached skill level 11 in Translocations
 80509 | Zot:5    | oops
 80525 | Zot:5    | oh nice
 80525 | Zot:5    | don't cast butterflies near zot traps
 80529 | Zot:5    | wait
 80529 | Zot:5    | it's friendly
 80529 | Zot:5    | WHAT
 80529 | Zot:5    | ok, this has to be a bug
 80529 | Zot:5    | brb mantis
 80529 | Zot:5    | k, reported
 80544 | Zot:5    | Noticed an orb of fire
 80556 | Zot:5    | hm
 80557 | Zot:5    | Noticed an orb of fire
 80584 | Zot:5    | Killed an orb of fire
 80591 | Zot:5    | HP: 35/236 [black draconian stormcaller (16)]
 80593 | Zot:5    | Noticed an orb of fire
 80756 | Zot:5    | sustat plz
 80756 | Zot:5    | selfrestoration plz
 80895 | Zot:5    | Noticed an ancient lich
 80922 | Zot:5    | Killed an ancient lich
 80922 | Zot:5    | Reached skill level 12 in Translocations
 81067 | Zot:5    | Noticed an ancient lich
 81068 | Zot:5    | Killed an orb of fire
 81077 | Zot:5    | Killed an ancient lich
 81222 | Zot:5    | Reached skill level 13 in Translocations
 81434 | Zot:5    | Noticed an orb of fire
 81468 | Zot:5    | Killed an orb of fire
 81575 | Zot:5    | Reached skill level 14 in Translocations
 81791 | Zot:5    | Killed an orb of fire
 82018 | Zot:5    | Noticed an orb of fire
 82057 | Zot:5    | Killed an orb of fire
 82095 | Zot:5    | Noticed an orb of fire
 82108 | Zot:5    | Killed an orb of fire
 82108 | Zot:5    | Reached skill level 15 in Translocations
 82434 | Zot:5    | Noticed an orb of fire
 82470 | Zot:5    | Killed an orb of fire
 82470 | Zot:5    | Reached skill level 16 in Translocations
 83167 | Elf:1    | Learned a level 8 spell: Controlled Blink
 83167 | Elf:1    | time to see this famous new Tomb
 83594 | Tomb:1   | Entered Level 1 of the Tomb of the Ancients
 84338 | Tomb:1   | Noticed a greater mummy
 84340 | Tomb:1   | Noticed a greater mummy
 84385 | Tomb:1   | Killed a greater mummy
 84385 | Tomb:1   | Reached skill level 17 in Translocations
 84407 | Tomb:1   | literally just a death yak with a smite
 84423 | Tomb:1   | Killed a greater mummy
 84584 | Tomb:1   | Identified the ring of Minguheo {rElec rC+ AC+3} (You took it off a mummy priest on level 1 of the Tomb of the Ancients)
 84729 | Tomb:1   | Noticed a greater mummy
 84750 | Tomb:1   | Killed a greater mummy
 84814 | Tomb:2   | Noticed Khufu
 84814 | Tomb:2   | Noticed a greater mummy
 84815 | Tomb:2   | hm
 84816 | Tomb:2   | Noticed a greater mummy
 84817 | Tomb:2   | Noticed a greater mummy
 84818 | Tomb:2   | Noticed a greater mummy
 84822 | Tomb:2   | Noticed a greater mummy
 84831 | Tomb:2   | Killed a greater mummy
 84838 | Tomb:2   | Killed a greater mummy
 84838 | Tomb:2   | Reached skill level 11 in Spellcasting
 84842 | Tomb:2   | Killed a greater mummy
 84856 | Tomb:2   | Killed a greater mummy
 84868 | Tomb:2   | Killed a greater mummy
 84868 | Tomb:2   | Reached skill level 12 in Spellcasting
 84882 | Tomb:2   | Killed Khufu
 84931 | Tomb:2   | Reached skill level 13 in Spellcasting
 84956 | Tomb:2   | still pretty touh
 84956 | Tomb:2   | tough
 84956 | Tomb:2   | fucking dispel undead
 84956 | Tomb:2   | and how are you supposed to do this with no torment resistance again
 85506 | Tomb:1   | Noticed a greater mummy
 85506 | Tomb:1   | Noticed a greater mummy
 85506 | Tomb:1   | Noticed a greater mummy
 85506 | Tomb:1   | Noticed a greater mummy
 85507 | Tomb:1   | Noticed a greater mummy
 85507 | Tomb:1   | Noticed a greater mummy
 85507 | Tomb:1   | oh god
 85511 | Tomb:1   | Noticed a greater mummy
 85514 | Tomb:1   | Noticed a greater mummy
 85519 | Tomb:1   | Killed a greater mummy
 85524 | Tomb:1   | what the fuck?!
 85953 | Tomb:1   | Noticed a greater mummy
 85975 | Tomb:1   | Killed a greater mummy
 85994 | Tomb:1   | Killed a greater mummy
 85994 | Tomb:1   | Reached skill level 14 in Spellcasting
 85999 | Tomb:1   | Noticed a greater mummy
 86001 | Tomb:1   | Killed a greater mummy
 86005 | Tomb:1   | Killed a greater mummy
 86019 | Tomb:1   | Killed a greater mummy
 86019 | Tomb:1   | Reached skill level 15 in Spellcasting
 86022 | Tomb:1   | Noticed a greater mummy
 86027 | Tomb:1   | HP: 45/236 [quicksilver dragon simulacrum[a greater mummy] (12)]
 86032 | Tomb:1   | HP: 21/236 [greater mummy/divine providence (14)]
 86220 | Tomb:1   | i'd laugh but it's not particularly funny
 86332 | Tomb:1   | Noticed a greater mummy
 86344 | Tomb:1   | Noticed a greater mummy
 86346 | Tomb:1   | Killed a greater mummy
 86351 | Tomb:1   | Killed a greater mummy
 86365 | Tomb:1   | Killed a greater mummy
 86383 | Tomb:1   | Killed a greater mummy
 86383 | Tomb:1   | Reached skill level 18 in Translocations
 86411 | Tomb:1   | Killed a greater mummy
 86535 | Tomb:1   | Killed a greater mummy
 86544 | Tomb:1   | Noticed a greater mummy
 86562 | Tomb:1   | Killed a greater mummy
 86677 | Tomb:1   | Noticed a greater mummy
 86678 | Tomb:1   | Noticed a greater mummy
 86683 | Tomb:1   | Noticed a greater mummy
 86689 | Tomb:1   | Noticed a greater mummy
 86689 | Tomb:1   | Noticed a greater mummy
 86824 | Tomb:1   | Killed a greater mummy
 86852 | Tomb:1   | Killed a greater mummy
 86879 | Tomb:1   | Killed a greater mummy
 86998 | Tomb:1   | Killed a greater mummy
 87004 | Tomb:1   | Noticed a greater mummy
 87004 | Tomb:1   | Killed a greater mummy
 87024 | Tomb:1   | Killed a greater mummy
 87024 | Tomb:1   | Reached skill level 19 in Translocations
 87401 | Tomb:2   | Paralysed by a Zot trap for 5 turns
 87469 | Tomb:3   | Entered Level 3 of the Tomb of the Ancients
 87506 | Tomb:3   | Noticed a greater mummy
 87517 | Tomb:3   | Noticed a greater mummy
 87517 | Tomb:3   | Noticed an ancient lich
 87519 | Tomb:3   | Noticed an ancient lich
 87522 | Tomb:3   | Noticed a greater mummy
 87527 | Tomb:3   | Noticed a greater mummy
 87537 | Tomb:3   | Noticed a greater mummy
 87540 | Tomb:3   | Noticed a greater mummy
 87541 | Tomb:3   | Noticed a greater mummy
 87642 | Tomb:3   | this is crazy
 87761 | Tomb:3   | Killed an ancient lich
 87786 | Tomb:3   | Killed an ancient lich
 87804 | Tomb:3   | Killed a greater mummy
 87821 | Tomb:3   | Killed a greater mummy
 87846 | Tomb:3   | Killed a greater mummy
 87863 | Tomb:3   | Killed a greater mummy
 87863 | Tomb:3   | Reached skill level 20 in Translocations
 87959 | Tomb:3   | no fucking way i'm doing tomb again without some foolproof strategy like tso or level 9 spells
 87959 | Tomb:3   | this is even worse than it was
 88023 | Tomb:3   | Killed a greater mummy
 88036 | Tomb:3   | Killed a greater mummy
 88047 | Tomb:3   | Killed a greater mummy
 88434 | Tomb:3   | Identified the +8 chain mail of Gehenna {rPois} (You found it on level 3 of the Tomb of the Ancients)
 88436 | Tomb:3   | Identified the Catalogue of Proximity
 88437 | Tomb:3   | Identified the Almanac of the Unstable Escort
 88532 | Tomb:3   | Got a golden rune of Zot
 89123 | Elf:1    | Learned a level 8 spell: Disjunction
 89333 | Hell     | Entered the Vestibule of Hell
 89333 | Hell     | Noticed Geryon
 89491 | Hell     | Noticed Murray
 89497 | Hell     | oh, murray
 89497 | Hell     | that's a rare sight
 89499 | Depths:1 | i think i see him for a 3rd time, maybe
 89561 | Hell     | Killed Geryon
 89637 | Depths:1 | Killed Murray
 89901 | Hell     | Reached skill level 21 in Translocations
 89976 | Hell     | Found a gateway to the freezing wastes of Cocytus.
 90119 | Coc:1    | Entered Level 1 of Cocytus
 90520 | Coc:2    | Reached skill level 16 in Spellcasting
 91193 | Coc:7    | Entered Level 7 of Cocytus
 91656 | Coc:7    | back at 20k gold actually
 91807 | Coc:7    | Reached skill level 22 in Translocations
 91808 | Coc:7    | 5% is enough, isn't it
 91934 | Coc:7    | Noticed Antaeus
 91934 | Coc:7    | oh shit son
 91958 | Coc:7    | Got an icy rune of Zot
 91963 | Coc:7    | Identified Fampiz's Reference Book on the Unstable Glacier
 91969 | Coc:7    | Identified Sif Muna's Grimoire of Earth and Orientation
 92063 | Hell     | Found a gateway to the Iron City of Dis.
 92108 | Hell     | Found a gateway to the decaying netherworld of Tartarus.
 92126 | Tar:1    | Entered Level 1 of Tartarus
 93229 | Tar:3    | Reached skill level 20 in Fighting
 93478 | Tar:4    | Reached skill level 11 in Evocations
 93945 | Tar:5    | Reached skill level 16 in Dodging
 93987 | Tar:5    | this layout is tighter than an a virgin pussy
 94460 | Tar:6    | HP: 48/241 [Tzitzimitl/dispel undead[the effects of Hell] (68)]
 94465 | Hell     | ow
 94482 | Hell     | also nice stat drain, 10 points total
 94482 | Hell     | ehhh
 94482 | Hell     | i GUESS i'll go to Pan
 94670 | Hell     | Found a gateway to the ashen valley of Gehenna.
 94812 | Pan      | Entered Pandemonium
 94962 | Pan      | HP: 25/241 [Tzitzimitl/dispel undead[a shadow demon] (61)]
 94963 | Pan      | Killed from afar by a Hell Sentinel

Vault maps used:
D:1:      tarquinn_simple_flora_water_a, minmay_misc_feat_tiny,
          minmay_hexomino_c4
D:2:      minmay_goblin_kobold_house
D:3:      grunt_qazlal_clouds, lemuel_crystal_altar, first_bread, uniq_grinder
D:4:      chequers_temple_overflow_statue_of_worship
D:5:      minmay_statues_item, uniq_menkaure
D:6:      nicolae_overflow_hidden_temple, supply_closet_lemuel
D:7:      old_standard_altar, nicolae_overflow_crystal_walls,
          minmay_temple_entry_butterflies, minmay_misc_feat_alley, uniq_joseph
D:8:      uniq_gastronok, uniq_maurice
D:10:     dpeg_oklobed_lair, hangedman_stone_soup, minmay_misc_feat_chi
D:11:     uniq_erica
D:12:     thingy_vault, david_orc_4
D:14:     lightli_vaults_fourway_checkpoint, minivault_25
D:15:     gammafunk_depths_entry_grave, serial_bayou_shore_a, uniq_roxanne
Lair:1:   lemuel_fruit_tree, minmay_lair_oklob_chamber, uniq_fannar
Lair:3:   minmay_swamp_entry_reptiles, lemuel_fruit_fields,
          infiniplex_staircase_pool_2, lemuel_fruit_fields
Lair:4:   dummy_snake_entry, basic_altar, minivault_27
Lair:5:   hangedman_what_comes_after_a, minmay_holes, serial_bayou_ford_a,
          zaba_antful_of_joy
Lair:6:   grunt_lair_end_beastmaster, slime_altar_1, grunt_megastairs_4,
          infiniplex_staircase_pool
Swamp:1:  serial_swamp_ruin, evilmike_swamp_ruin_rubble_1,
          evilmike_swamp_ruin_house_2, uniq_nikola
Swamp:2:  hangedman_swamp_ruin_wall, nicolae_swamp_fairy_circle
Swamp:3:  evilmike_swamp_ruin_house_4
Swamp:4:  swamp_alternative, swamp_pool1, hangedman_swamp_pad, uniq_kirke
Snake:1:  basic_altar
Snake:2:  minmay_shop_star, uniq_jorgrun
Snake:4:  grunt_snake_rune_pools, grunt_ministairs_12
Slime:1:  cheibrodos_slime_lost_civilization_6
Slime:3:  cheibrodos_slime_lost_civilization_5
Orc:1:    basic_altar, sword_in_stone
Orc:2:    st_orc_elflike, statue_in_the_mist_lemuel, uniq_saint_roka,
          uniq_donald, uniq_rupert
Elf:1:    kennysheep_room_grid, infiniplex_enter_wizlab_glasses, serial_shops,
          shop_statue, hangedman_elf_disciples, uniq_azrael
Elf:2:    basic_altar, serial_sigils_hangedman_quiver, uniq_louise
Elf:3:    minmay_elf_hall_not_hex, minmay_elf_necromancy,
          roderic_lattice_octagonal_star
Vaults:1: ontoclasm_vaults_tryst, vaults_dpeg_ring, vaults_room_boxed,
          vaults_mumra_chevron, v_misc_19, nicolae_vaults_three_branches,
          nicolae_vaults_network_periphery, v_misc_11, ontoclasm_vaults_gateway,
          vaults_room_ringed_pool
Vaults:2: hangedman_vaults_variations, v_misc_19,
          nicolae_vaults_little_squares_1, v_pattern_5,
          ontoclasm_vaults_ligature, ontoclasm_vaults_loading_screen,
          nicolae_vaults_asterisk, nicolae_vaults_mini_display_case,
          serial_shops, shop
Vaults:3: blue_anna_dwarven_crypt, vaults_room_stairs_pillars,
          ontoclasm_vaults_claustrophobia, vaults_mumra_hexcomb, v_rooms_2,
          ontoclasm_vaults_shuriken, vaults_dpeg_hooks, vaults_room_semicircle,
          grunt_vaults_focal, nicolae_vaults_specimen_jars, serial_shops,
          shop_fountains, basic_altar, uniq_margery
Vaults:4: nicolae_vaults_diagonal_hallway_7, vaults_dpeg_encased_lava,
          nicolae_vaults_hallways_thing, nicolae_vaults_little_squares_4,
          ontoclasm_vaults_pinch, vaults_room_stairs_pillars,
          hangedman_vaults_stagger, nicolae_vaults_big_ls,
          grunt_vaults_hallway_short, ontoclasm_vaults_chip,
          ontoclasm_vaults_ring_square, dpeg_vaults_monster_box, v_alt_pattern_6
Crypt:2:  lemuel_upstairs_altar, uniq_mara, uniq_jory, uniq_frederick
Crypt:3:  grunt_crypt_end_deaths_head, uniq_boris
Tomb:2:   uniq_khufu
Depths:1: serial_shops, shop, hangedman_geh_valley, pan_entry, minivault_16,
          grunt_ministairs_6, minmay_misc_feat_encased, lemuel_old_faithful
Depths:2: hangedman_slaughterboxes, hell_entry
Depths:3: grunt_twisty_corner, infiniplex_staircase_spiral, abyss_entry,
          hangedman_coc_ice_floe, grunt_pan_entry_spiral, minivault_14,
          minmay_shop_grove
Depths:4: minmay_stepped, minmay_room_of_horrors, hell_entry,
          minmay_staircase_bubble, serial_bayou_shore_b, grunt_megastairs_2,
          firewood_loft, uniq_enchantress, uniq_sojobo
Depths:5: grunt_x_marks_the_spot, hell_entry, moated_statue
Coc:1:    grunt_deathspiral_small
Coc:7:    coc_hangedman
Zot:1:    evilmike_crystal_ball_defense
Zot:3:    nicolae_zot_stationary_front
Zot:4:    evilmike_ambush
Abyss:1:  hangedman_abyss_or_decor_slice
Pan:      evilmike_mini_pan_V, nicolae_pan_strange_glyphs, rand_demon_2
WizLab:   wizlab_golubria

Skill      XL: |  1  2  3  4  5  6  7  8  9 10 11 12 13 14 15 16 17 18 19 20 21 22 23 24 25 26 27 |
---------------+----------------------------------------------------------------------------------+-----
Maces & Flails | 1 2 3 4 6 7 8 10 12 13 14 15 16 | 16.0
Fighting       | 3 6 8 9 11 12 13 14 15 16 17 18 20 | 20.7
Dodging        | 2 3 7 8 9 10 16 | 16.1
Evocations     | 4 6 8 9 10 11 | 11.5
Shields        | 3 4 8 12 14 15 16 18 20 21 23 25 | 25.0
Armour         | 3 8 10 | 10.0
Translocations | 6 8 22 | 22.0
Spellcasting   | 6 9 10 16 | 16.0
Necromancy     | 2 11 12 | 12.0
Summonings     | 1 4 10 | 10.0
Stealth        | 8 |  8.3
Charms         | 4 |  4.0
Hexes          | 5 10 | 10.0
Transmutations | 3 |  3.7
Earth Magic    | 3 |  3.6
Axes           | |  1.5
Conjurations   | |  1.5

Action                   |  1- 3 |  4- 6 |  7- 9 | 10-12 | 13-15 | 16-18 | 19-21 | 22-24 | 25-27 || total
-------------------------+-------+-------+-------+-------+-------+-------+-------+-------+-------++-------
Melee: Mace              |   101 |   189 |   473 |       |       |       |       |       |       ||   763
       Morningstar       |       |       |    73 |   231 |       |       |       |       |       ||   304
       Whip              |       |       |    12 |       |       |       |       |       |       ||    12
       Eveningstar       |       |       |       |   676 |  1764 |  2336 |  2864 |  2912 |  7660 || 18212
 Fire: Hand crossbow     |       |       |    31 |       |       |       |       |       |       ||    31
Throw: Tomahawk          |       |       |       |       |     2 |     4 |     1 |     1 |    42 ||    50
 Cast: Magic Dart        |    28 |    34 |       |       |       |       |       |       |       ||    62
       Dispel Undead     |       |       |       |       |       |       |       |     2 |    32 ||    34
       Passage of Golubr |       |       |       |       |       |       |       |       |     8 ||     8
       Apportation       |       |       |       |       |       |       |       |       |   162 ||   162
       Aura of Abjuratio |       |       |       |       |       |       |       |       |    70 ||    70
       Control Undead    |       |       |       |       |       |       |       |       |    68 ||    68
       Summon Mana Viper |       |       |       |       |       |       |       |       |    18 ||    18
       Blink             |       |       |       |       |       |       |       |       |     3 ||     3
       Summon Butterflie |       |       |       |       |       |       |       |       |     2 ||     2
       Passwall          |       |       |       |       |       |       |       |       |     1 ||     1
Invok: Potion Petition   |       |       |     1 |       |     2 |       |     1 |       |    23 ||    27
       Call Merchant     |       |       |       |     1 |       |     1 |       |     1 |       ||     3
       Bribe Branch      |       |       |       |       |     1 |       |       |       |       ||     1
Evoke: Wand              |       |     7 |    23 |     6 |    13 |     8 |    15 |    13 |    14 ||    99
       Box of beasts     |       |       |       |       |     1 |     1 |       |       |       ||     2
       Lightning rod     |       |       |       |       |       |       |       |     8 |     4 ||    12
       Lamp of fire      |       |       |       |       |       |       |       |       |     6 ||     6
       Phantom mirror    |       |       |       |       |       |       |       |       |     1 ||     1
  Use: Scroll            |       |     4 |    15 |    15 |    11 |     9 |    13 |    16 |    25 ||   108
 Stab: Sleeping          |     4 |       |       |       |     1 |     1 |       |       |    10 ||    16
       Confused          |       |     3 |     6 |     2 |       |       |     1 |       |     3 ||    15
       Distracted        |       |       |     2 |     2 |     9 |    20 |    18 |    22 |   124 ||   197
       Paralysed         |       |       |       |       |     5 |       |       |       |     3 ||     8
       Held in net/web   |       |       |       |       |       |       |       |       |     2 ||     2
Armor: Robe              |    34 |    54 |       |       |       |       |       |       |       ||    88
       Ring mail         |       |    22 |   242 |   331 |   596 |   621 |   522 |   457 |  1345 ||  4136
Dodge: Dodged            |    85 |    97 |   255 |   532 |  1001 |   844 |   934 |   796 |  2475 ||  7019
Block: Other             |       |    16 |    58 |    36 |       |       |       |       |       ||   110
       Reflection        |       |       |     3 |     3 |    13 |       |       |       |       ||    19
       Buckler           |       |       |       |   205 |   580 |   270 |       |       |       ||  1055
       Large shield      |       |       |       |       |       |  1353 |  2534 |  2237 |  7037 || 13161
